 Dungeon Crawl Stone Soup version 0.21.1-1-g345015f (webtiles) character file.

468 inc the Shield-Bearer (level 7, -2/46 HPs)
             Began as an Octopode Fighter on Apr 26, 2018.
             Was an Initiate of Gozag.
             Slain by an orc
             ... wielding a +0 war axe
              (10 damage)
             ... on level 3 of the Dungeon.
             The game lasted 00:06:28 (4257 turns).

inc the Shield-Bearer (Octopode Fighter)            Turns: 4257, Time: 00:06:29

Health: -2/46      AC:  1    Str: 15    XL:     7   Next: 8%
Magic:  7/7        EV: 12    Int: 10    God:    Gozag
Gold:   178        SH: 10    Dex: 14    Spells: 6/6 levels left

rFire    . . .     SeeInvis .   h - +1 whip (vamp)
rCold    . . .     Gourm    .   b - +0 shield
rNeg     . . .     Faith    .   (helmet restricted)
rPois    +         Spirit   .   (no amulet)
rElec    .         Reflect  .   k - ring of wizardry
rCorr    .         Harm     .   l - ring of poison resistance
MR       .....                  (no ring)
Stlth    ++........             (no ring)
HPRegen  0.15/turn              (no ring)
MPRegen  0.10/turn              (no ring)
                                (no ring)
                                (no ring)

@: gold aura
A: almost no armour, stealthy swim, amphibious, 8 rings, constrict 8, camouflage
1, gelatinous body 1
a: Potion Petition, Call Merchant, Bribe Branch, Renounce Religion


You were on level 3 of the Dungeon.
You worshipped Gozag.
Gozag was aware of your devotion.
You were very full.

You visited 2 branches of the dungeon, and saw 6 of its levels.

You collected 202 gold pieces.
You paid 24 gold pieces to Gozag.

Inventory:

Hand Weapons
 a - a +0 flail
 h - a +1 vampiric whip (weapon)
Armour
 b - a +0 shield (worn)
Jewellery
 k - a ring of wizardry (left tentacle)
 l - a ring of poison resistance (right tentacle)
Scrolls
 e - 5 scrolls of identify
 f - 2 scrolls of remove curse {unknown}
 g - 2 scrolls of magic mapping
 i - a scroll of random uselessness {unknown}
 m - a scroll of teleportation {unknown}
 n - a scroll of noise {unknown}
Potions
 c - a potion of curing {unknown}
 j - 2 potions of agility {unknown}
Comestibles
 d - 2 rations


   Skills:
 - Level 3.0 Fighting
 + Level 5.4 Maces & Flails
 - Level 3.0 Dodging
 + Level 5.8 Shields


You had 6 spell levels left.
You didn't know any spells.

Dungeon Overview and Level Annotations

Branches:
Dungeon (5/15)             Temple (1/1) D:5

Altars:
Ashenzari
Dithmenos
Elyvilon
Gozag
Hepliaklqana
Makhleb
Nemelex Xobeh
Sif Muna
Uskayaw
Xom
Zin
The Shining One

Annotations:
D:3 azzavlup's ghost, amateur DsBe


Innate Abilities, Weirdness & Mutations

You cannot wear most types of armour.
You are very stealthy in the water. (Stealth+)
You are amphibious.
You can wear up to eight rings at the same time.
You can use your tentacles to constrict eight enemies at once.
Your skin changes colour to match your surroundings (Stealth+).
Your rubbery body absorbs attacks. (AC +1, EV +1)


Message History

You hit the orc warrior.
You feel better.
The orc warrior is almost dead.
You constrict the orc warrior, but do no damage.
The orc warrior hits you with a glaive.
* * * LOW HITPOINT WARNING * * *
Unknown command.
You hit the orc warrior but do no damage.
The orc warrior is almost dead.
You constrict the orc warrior.
You kill the orc warrior!
You have reached level 7!
You hit the orc but do no damage. You grab the orc.
You squeeze the orc, but do no damage.
You constrict the orc, but do no damage.
Unknown command.
You hit the orc.
You feel better.
The orc is heavily wounded.
You constrict the orc. The orc hits you with a war axe!
You die...
Your body crumbles into a pile of gold.

##........#.# #.# ####.
##########.# #.# # #. #)#
#.###.##.# #. # #.# #oK.....(#
##' ## #.# #####(#### ##.. .##
####(# #)### ##... ..######.##.#
#(#.## ##....
............########(...####.....
..............)o@..........'.....
....###....#########....####.....
..#.# #..#o# #.#.## ##.... .##.#
#..#.# #.### ##... ###.# ##.#o#
#.# ########.. # #.####.#.# #.#
#......##' #........# #.# #.#
#.... ########.### #.# #.# #.##.
....># #.# #.# #.####.##.


You could see an orc.

Vanquished Creatures
  An orc warrior (D:3)
  An ogre (D:4)
  A scorpion (D:4)
  A howler monkey (D:3)
  Terence (D:3)
  A worker ant (D:4)
  3 adders
  6 worms
  5 dart slugs
  3 leopard geckos
  7 orcs
  4 ball pythons
  4 giant cockroaches (D:3)
  9 goblins
  7 hobgoblins
  3 jackals (D:1)
  3 quokkas (D:3)
  10 bats
  7 frilled lizards
  9 kobolds
  6 rats
92 creatures vanquished.

Notes
Turn   | Place    | Note
-------+----------+-------------------------------------------
     0 | D:1      | inc the Octopode Fighter began the quest for the Orb.
     0 | D:1      | Reached XP level 1. HP: 16/16 MP: 1/1
    29 | D:1      | Reached XP level 2. HP: 15/21 MP: 2/2
   328 | D:1      | Reached XP level 3. HP: 22/26 MP: 3/3
   579 | D:1      | Found a shimmering altar of Xom.
  1486 | D:2      | Reached XP level 4. HP: 31/31 MP: 4/4
  1969 | D:3      | Found a glowing drain.
  2050 | D:3      | Noticed Terence
  2059 | D:3      | Killed Terence
  2204 | D:3      | Reached XP level 5. HP: 25/36 MP: 5/5
  2615 | D:3      | Noticed an orc warrior
  3029 | D:4      | Noticed an ogre
  3048 | D:4      | Killed an ogre
  3048 | D:4      | Reached skill level 5 in Shields
  3048 | D:4      | Reached XP level 6. HP: 42/42 MP: 6/6
  3586 | D:5      | Entered Level 5 of the Dungeon
  3586 | D:5      | Found a staircase to the Ecumenical Temple.
  3591 | Temple   | Entered the Ecumenical Temple
  3619 | Temple   | Became a worshipper of Gozag Ym Sagoz the Greedy
  3892 | D:3      | Reached skill level 5 in Maces & Flails
  3968 | D:3      | Noticed azzavlup's ghost (amateur DsBe)
  4252 | D:3      | HP: 2/42 [orc warrior/glaive (19)]
  4255 | D:3      | Killed an orc warrior
  4255 | D:3      | Reached XP level 7. HP: 6/46 MP: 7/7
  4257 | D:3      | Slain by an orc

Skill      XL: |  1  2  3  4  5  6 |
---------------+-------------------+-----
Maces & Flails | 3 4 5 |  5.4
Shields        | 4 5 |  5.8
Fighting       | |  3.0
Dodging        | |  3.0

Action                   |  1- 3 |  4- 6 |  7- 9 || total
-------------------------+-------+-------+-------++-------
Melee: Flail             |    78 |    26 |       ||   104
       Constrict         |    20 |    32 |     1 ||    53
       Tentacles         |     6 |    30 |     1 ||    37
       Whip              |       |   110 |     2 ||   112
  Use: Potion            |       |     2 |       ||     2
       Scroll            |       |     1 |       ||     1
 Stab: Sleeping          |     5 |     6 |       ||    11
       Distracted        |     1 |       |       ||     1
  Eat: Chunk             |     2 |     3 |       ||     5
       Ration            |       |     5 |       ||     5
Armor: Skin              |    11 |     9 |       ||    20
Dodge: Dodged            |    32 |    31 |       ||    63
Block: Shield            |    32 |    60 |       ||    92
